 Dungeon Crawl Stone Soup version 0.29-a0-468-ge57f7f99b4 (webtiles) character file.

Game seed: 10576517831439515746

156 spaghetti the Cudgeller (level 5, 0/33 HPs)
             Began as a Tengu Berserker on May 21, 2022.
             Was a Believer of Trog.
             Killed by divine providence
             ... invoked by an orc priest
              (9 damage)
             ... on level 4 of the Dungeon.
             The game lasted 00:04:12 (2765 turns).

spaghetti the Cudgeller (Tengu Berserker)           Turns: 2765, Time: 00:04:13

Health: 0/33       AC:  7    Str: 20    XL:     5   Next: 38%
Magic:  2/2        EV: 13    Int:  7    God:    Trog [**....]
Gold:   64         SH:  5    Dex: 13    Spells: 4/4 levels left

rFire   . . .      SeeInvis .   s - +6 hand axe (antimagic) {axe}
rCold   . . .      Faith    .   t - +2 buckler
rNeg    + . .      Spirit   .   y - +2 ring mail {rN+}
rPois   .          Reflect  .   (helmet restricted)
rElec   .          Harm     .   (no cloak)
rCorr   .          Rampage  .   (no gloves)
Will    ++...                   (boots unavailable)
Stlth   +.........              (no amulet)
HPRegen 1.11/turn               (no ring)
MPRegen 0.08/turn               (no ring)

@: strong-willed, flying quickly and evasively, regenerating, quick
A: beak, talons 3, nimble flight
a: Renounce Religion, Berserk, Trog's Hand


You were on level 4 of the Dungeon.
You worshipped Trog.
Trog was pleased with you.
You visited 1 branch of the dungeon, and saw 4 of its levels.

You collected 94 gold pieces.
You spent 30 gold pieces at shops.


Innate Abilities, Weirdness & Mutations

You have a beak for a mouth.
You have claws for feet.
Your magical nature lets you fly swiftly and evasively.


   Skills:
 + Level 4.1 Fighting
 + Level 0.6(2.6) Axes
 - Level 4.1(4.2) Maces & Flails
 + Level 1.2 Throwing
 + Level 3.7 Armour
 + Level 2.4 Dodging


You had 4 spell levels left.
You didn't know any spells.
Your spell library contained the following spells:

 Spells                   Type           Power      Damage    Failure   Level
 Confusing Touch          Hex            0%         N/A       97%         3
 Yara's Violent Unravell  Hex/Tmut       0%         3d3       100%        5
 Dispersal                Tloc           0%         N/A       100%        6
 Enfeeble                 Hex            0%         N/A       100%        7
 Disjunction              Tloc           0%         N/A       100%        8

Inventory:

Hand Weapons
 a - a +0 mace {mace}
 s - a +6 antimagic hand axe (weapon) {axe}
   (You took it off Terence on level 2 of the Dungeon)
Missiles
 g - 2 throwing nets {=f!fthrowing}
 h - 117 stones (quivered) {throwing}
 q - 8 boomerangs {throwing}
Armour
 b - a +0 animal skin
 i - a +0 plate armour
   (You found it on level 1 of the Dungeon)
 t - a +2 buckler (worn)
   (You found it on level 2 of the Dungeon)
 y - a +2 ring mail of positive energy (worn)
   (You found it on level 3 of the Dungeon)
Jewellery
 d - a ring of protection from fire
   (You found it on level 1 of the Dungeon)
Scrolls
 c - a scroll of noise {unknown}
 f - a scroll of teleportation {unknown}
 j - 2 scrolls of blinking {unknown}
 l - a scroll of fog {unknown}
 n - 3 scrolls of amnesia
 p - 2 scrolls of identify {unknown}
 u - a scroll of poison {unknown}
 v - a scroll of fear {unknown}
 x - a scroll of magic mapping {unknown}
 z - a scroll of silence {unknown}
Potions
 e - 3 potions of brilliance {unknown}
 k - 3 potions of lignification {unknown}
 m - a potion of resistance {unknown}
 o - a potion of berserk rage {unknown}
 r - 2 potions of mutation {unknown}
 w - a potion of haste {unknown}

Dungeon Overview and Level Annotations

Branches:
Dungeon (4/15)
 Temple: D:4-7

Altars:
Cheibriados

Shops:
D:1 * D:2

* .## #.# . ## .. ...
.## . #.. #(. ..# .#
#...#(# #.##.###
#...#.####...>... ..
#..o#.##........ #..
#..oo(.@....#
...##...#.##()..#
.........†..†..(#
.................(..
........>.........(..
####...#####.######.#
#.........# #
#...####### #...#


You could see 2 orc priests and an orc.


Message History

Found a stone staircase leading down. 😎 HP[+2]
Your hp is fully restored (33).
A quokka comes into view.
You see here a stone {throwing}.
A quokka is nearby!
A quokka is nearby!
A quokka is nearby!
You throw a stone {throwing}. The stone {throwing} hits the quokka.
You throw a stone {throwing}.
The stone {throwing} barely misses the quokka.
You throw a stone {throwing}.
The stone {throwing} closely misses the quokka.
You throw a stone {throwing}.
The stone {throwing} barely misses the quokka.
You slash the quokka!
You kill the quokka!
Trog accepts your kill.
No target in view!
No target in view!
No target in view!
No target in view!
No target in view!
No target in view!
No target in view!
No target in view!
No target in view!
No target in view!
No target in view!
No target in view!
No target in view!
No target in view!
No target in view!
No target in view!
No target in view!
h - 123 stones {throwing} (gained 1)
h - 124 stones {throwing} (gained 1)
An orc comes into view. It is wielding a +0 hand axe.
An orc is nearby!
An orc is nearby!
An orc is nearby!
You throw a stone {throwing}.
The stone {throwing} closely misses the orc.
The orc shouts!
You hear a shout!
You throw a stone {throwing}. The stone {throwing} hits the orc.
You throw a stone {throwing}.
The stone {throwing} barely misses the orc.
You throw a stone {throwing}.
The stone {throwing} barely misses the orc.
You throw a stone {throwing}. The stone {throwing} hits the orc.
You throw a stone {throwing}.
The stone {throwing} barely misses the orc.
You hit the orc.
You kill the orc!
Trog accepts your kill.
No target in view!
No target in view!
No target in view!
No target in view!
No target in view!
No target in view!
No target in view!
No target in view!
No target in view!
No target in view!
No target in view!
No target in view!
No target in view!
No target in view!
No target in view!
No target in view!
An orc priest comes into view. It is wielding a +0 club.
The orc priest shouts!
You hear a shout! x2
Things that are here:
a +0 hand axe {axe}; a scroll labelled AXZOFUNOEZ; an orc corpse An orc priest is nearby!
An orc priest is nearby!
An orc priest is nearby!
An orc priest is nearby!
You throw a stone {throwing}.
The stone {throwing} hits the orc priest but does no damage.
The orc priest mumbles some strange prayers to Beogh against you.
Beogh smites you! 😮 HP[-9]
You take 9 damage, and now have 24/33 hp.
MASSIVE DAMAGE!! (PAUSE)
An orc priest comes into view. It is wielding a +0 dagger.
An orc comes into view. It is wielding a +0 club.
The orc priest calls down the wrath of Beogh upon you.
Beogh smites you!
* * * LOW HITPOINT WARNING * * *
You see here a stone {throwing}. 😱 HP[-16]
You take 16 damage, and now have 8/33 hp.
MASSIVE DAMAGE!! (PAUSE)
Your skin crawls.
You feel strong-willed.
The orc priest mumbles some strange prayers to Beogh against you.
Beogh smites you!
You die...

Skill      XL: |  1  2  3  4  5 |
---------------+----------------+-----
Armour         | 3 |  3.7
Maces & Flails | 4 |  4.1
Fighting       | 4 |  4.1
Throwing       | 1 |  1.2
Axes           | |  0.6
Dodging        | |  2.4

Action                   |  1- 3 |  4- 6 || total
-------------------------+-------+-------++-------
Melee: Mace              |    73 |       ||    73
       Kick              |    14 |    10 ||    24
       Peck              |    11 |     6 ||    17
       Hand axe          |       |    62 ||    62
Throw: Stone             |    52 |    76 ||   128
Invok: Berserk           |     1 |       ||     1
       Trog's Hand       |       |     1 ||     1
  Use: Scroll            |       |     3 ||     3
Armor: Animal skin       |     4 |       ||     4
       Plate armour      |    39 |    18 ||    57
       Ring mail         |       |     9 ||     9
Dodge: Dodged            |    26 |    17 ||    43
Block: Buckler           |       |     8 ||     8

Levels and vault maps discovered:
D:1:      dpeg_chamrin_arrival_tetris, layout_loops_ring, serial_shops,
          nicolae_shop_overgrown_old_shop, serial_bayou_pond_c,
          minmay_misc_feat_enclosed
D:2:      layout_basic, hellmonk_ecumenical_altar_lost_god, serial_shops,
          nicolae_diamond_shop, uniq_terence
D:3:      layout_rooms, mainiacjoe_overflow_concentric_impassable
D:4:      layout_loops_cross, minmay_temple_entry_grid

Notes
Turn   | Place    | Note
-------+----------+-------------------------------------------
     0 | D:1      | spaghetti the Tengu Berserker began the quest for the Orb.
     0 | D:1      | Reached XP level 1. HP: 14/14 MP: 2/2
     0 | D:1      | magus.rc [v1.9.6]
   356 | D:1      | Reached XP level 2. HP: 19/19 MP: 3/3
   379 | D:1      | You pick up a book of Misfortune {forbidden} and begin
                  | reading...
   379 | D:1      | You add the spells Confusing Touch, Yara's Violent
                  | Unravelling and Enfeeble to your library.
   444 | D:1      | Found Mazofou's Assorted Antiques.
   557 | D:1      | Reached XP level 3. HP: 23/23 MP: 4/4
   566 | D:1      | Reached ** piety under Trog
   957 | D:1      | You pick up a book of the Warp {forbidden} and begin
                  | reading...
   957 | D:1      | You add the spells Dispersal and Disjunction to your
                  | library.
  1130 | D:2      | Found a faded altar of an unknown god.
  1345 | D:2      | Reached skill level 3 in Armour
  1517 | D:2      | Found Zayx's General Store.
  1525 | D:2      | Bought 6 boomerangs for 30 gold pieces
  1545 | D:2      | Reached skill level 4 in Maces & Flails
  1798 | D:2      | Noticed Terence
  1803 | D:2      | Killed Terence
  1804 | D:2      | Reached XP level 4. HP: 29/29 MP: 5/5
  2096 | D:3      | Reached skill level 4 in Fighting
  2331 | D:3      | Gained mutation: Your magical nature lets you fly swiftly
                  | and evasively. [Tengu growth]
  2331 | D:3      | Reached XP level 5. HP: 33/33 MP: 2/6
  2337 | D:3      | Reached skill level 1 in Throwing
  2471 | D:3      | Found a snail-covered altar of Cheibriados.
  2764 | D:4      | HP: 8/33 [orc priest/divine providence (16)]
  2765 | D:4      | Killed from afar by an orc priest

Vanquished Creatures
  Terence (D:2)
  5 adders
  2 worms (D:3)
  4 dart slugs
  4 orcs
  5 endoplasms
  4 giant cockroaches
  7 hobgoblins
  11 kobolds
  5 quokkas
  4 ball pythons
  4 bats
  4 frilled lizards
  3 goblins
  6 rats
69 creatures vanquished.

Vanquished Creatures (others)
  4 plants (D:1)
4 creatures vanquished.

Grand Total: 73 creatures vanquished

Table legend:
 A = Non-vault XP
 B = Vault XP
 C = Vault XP percentage of total XP
 D = Non-vault monster count
 E = Vault monster count
 F = Vault count percentage of total count
                 A         B        C        D         E       F
            +---------+---------+-------+---------+---------+-------
      Total |     188 |      36 |  16.1 |      68 |       1 |   1.4
            +---------+---------+-------+---------+---------+-------
        D:1 |      41 |       0 |   0.0 |      23 |       0 |   0.0
        D:2 |      27 |      36 |  57.1 |      14 |       1 |   6.7
        D:3 |      69 |       0 |   0.0 |      23 |       0 |   0.0
        D:4 |      51 |       0 |   0.0 |       8 |       0 |   0.0
            +---------+---------+-------+---------+---------+-------

Illustrated notes

Table legend:
 A = Kills in this place as a percentage of kills in entire the game.
 B = Kills by you in this place as a percentage of kills by you in the entire game.
 C = Kills by friends in this place as a percentage of kills by friends in the entire game.
 D = Other kills in this place as a percentage of other kills in the entire game.
 E = Experience gained in this place as a percentage of experience gained in the entire game.
 F = Experience gained in this place divided by the number of levels of this place that you have seen.
                   A       B       C       D       E      F
               +-------+-------+-------+-------+-------+----------------------
         Total | 100.0 | 100.0 |   N/A |   N/A | 100.0 |  56.0
       Dungeon | 100.0 | 100.0 |   N/A |   N/A | 100.0 |  56.0
               +-------+-------+-------+-------+-------+----------------------

Table legend: (Time is in decaauts)
 A = Elapsed time spent in this place.
 B = Non-inter-level travel time spent in this place.
 C = Inter-level travel time spent in this place.
 D = Time resting spent in this place.
 E = Time spent auto-exploring this place.
 F = Levels seen in this place.
 G = Mean time per level.
                   A        B        C        D        E       F      G
               +--------+--------+--------+--------+--------+-----+--------+
         Total |   2789 |   2667 |    122 |    152 |   1981 |   4 |  697.2 |
       Dungeon |   2789 |   2667 |    122 |    152 |   1981 |   4 |  697.2 |
               +--------+--------+--------+--------+--------+-----+--------+

Top non-repeatable levels by time:
     D:1: 1065 daAuts
     D:2: 857 daAuts
     D:3: 733 daAuts
     D:4: 132 daAuts
